 Dungeon Crawl Stone Soup version 0.19.0-19-g8c6edcc (webtiles) character file.

499 nikopol the Skirmisher (level 7, 0/44 HPs)
             Began as a Gargoyle Berserker on Nov 14, 2016.
             Was a Priest of Trog.
             Slain by a gnoll
             ... wielding a +0 halberd
              (6 damage)
             ... on level 5 of the Dungeon.
             The game lasted 00:10:53 (4837 turns).

nikopol the Skirmisher (Gargoyle Berserker)         Turns: 4837, Time: 00:10:54

Health: 0/44       AC: 12    Str: 21    XL:     7   Next: 16%
Magic:  7/7        EV: 12    Int:  7    God:    Trog [***...]
Gold:   190        SH:  0    Dex: 11    Spells: 0 memorised, 6 levels left

rFire  . . .     SeeInvis .     a - +0 mace
rCold  . . .     Gourm    .     l - +0 ring mail (curse)
rNeg   + . .     Faith    +     (no shield)
rPois  ∞         Spirit   .     (no helmet)
rElec  +         Reflect  .     (no cloak)
rCorr  .         Harm     .     E - +0 pair of gloves
MR     +....     Rnd*Tele +     (no boots)
Stlth  +.........               D - amulet of faith
                                B - ring of protection from magic
                                d - ring of teleportation (curse)

@: exhausted, slowed, very slow
A: negative energy resistance 1, electricity resistance, unbreathing,
petrification resistance, rot immunity, AC +4
a: Berserk, Trog's Hand, Burn Spellbooks, Renounce Religion


You were on level 5 of the Dungeon.
You worshipped Trog.
Trog was most pleased with you.
You were near starving.

You visited 1 branch of the dungeon, and saw 5 of its levels.

You collected 190 gold pieces.

Inventory:

Hand Weapons
 a - a +0 mace (weapon)
Missiles
 u - 32 arrows (quivered)
Armour
 b - a +0 animal skin
 l - a cursed +0 ring mail (worn)
 E - a +0 pair of gloves (worn)
Jewellery
 d - a cursed ring of teleportation (left hand)
 y - an uncursed ring of magical power
 B - a ring of protection from magic (right hand)
 D - an amulet of faith (around neck)
 F - an uncursed amulet of regeneration {unknown}
Scrolls
 j - a scroll of blinking {unknown}
 k - 7 scrolls of identify {unknown}
 m - 2 scrolls of amnesia {unknown}
 n - a scroll of random uselessness {unknown}
 p - 3 scrolls of remove curse {unknown}
 s - 2 scrolls of enchant weapon {unknown}
 t - 2 scrolls of teleportation {unknown}
 v - a scroll of fog {unknown}
 w - 3 scrolls of fear {unknown}
 x - a scroll of magic mapping {unknown}
 A - 3 scrolls of enchant armour {unknown}
 I - a scroll of noise {unknown}
Potions
 e - 3 potions of haste {unknown}
 g - a potion of cancellation {unknown}
 h - a potion of resistance {unknown}
 q - a potion of magic {unknown}
 r - 2 potions of brilliance {unknown}
 z - a potion of flight {unknown}
 C - a potion of ambrosia {unknown}
 G - 2 potions of heal wounds {unknown}
 H - a potion of curing {unknown}
Comestibles
 c - 4 bread rations
 f - 4 meat rations
 i - a slice of pizza
 o - a beef jerky


   Skills:
 + Level 5.5 Fighting
 + Level 4.6 Maces & Flails
 + Level 4.5 Armour
 + Level 3.0 Dodging


You had 6 spell levels left.
You didn't know any spells.

Dungeon Overview and Level Annotations

Branches:
Dungeon (5/15)
 Temple: D:4-7

Altars:
Ashenzari
Nemelex Xobeh


Innate Abilities, Weirdness & Mutations

You are resistant to torment.
Your stone body is resilient. (AC +4)
You are immune to poison.
You resist negative energy. (rN+)
You are resistant to electric shocks. (rElec)
You can survive without breathing.
You are immune to petrification.
You are immune to rotting.


Message History

* * * LOW HITPOINT WARNING * * *
The gnoll closely misses you.
You are too injured to fight recklessly!
You are too injured to fight recklessly!
You are too injured to fight recklessly!
You are too injured to fight recklessly!
You are too injured to fight recklessly!
You hit the gnoll.
You kill the gnoll!
Trog accepts your kill. The gnoll barely misses you.
The gnoll hits you with a halberd.
* * * LOW HITPOINT WARNING * * *
Things that are here:
a whip; a leather armour You closely miss the gnoll.
The gnoll hits you with a halberd.
* * * LOW HITPOINT WARNING * * *
The gnoll barely misses you.
You barely miss the gnoll. The gnoll hits you with a halberd.
You die...

. ## .#####
.###....
.#....#
#..#..###
##..#....#
#.).#<.#
######.)...(#
#.....)@...##
###...g....#
#%###.##.# #
#.##.# #.##.#
#.##.# #.# .#
#.#


You could see a gnoll.

Vanquished Creatures
  A scorpion (D:4)
  A howler monkey (D:4)
  An orc priest (D:4)
  2 orc wizards
  A gnoll shaman (D:5)
  An iguana (D:4)
  2 worker ants
  A hound skeleton (D:4)
  5 adders
  4 gnolls (D:5)
  2 adder skeletons (D:4)
  3 worms
  3 dart slugs
  A leopard gecko (D:1)
  14 orcs
  11 bats
  18 giant cockroaches
  4 goblins
  7 hobgoblins
  6 jackals
  3 quokkas (D:3)
  4 frilled lizards
  4 kobolds
  9 rats
  2 plants (D:4)
110 creatures vanquished.

Notes
Turn   | Place    | Note
-------+----------+-------------------------------------------
     0 | D:1      | nikopol the Gargoyle Berserker began the quest for the Orb.
     0 | D:1      | Reached XP level 1. HP: 14/14 MP: 1/1
   254 | D:1      | Reached XP level 2. HP: 19/19 MP: 2/2
  1006 | D:1      | Reached XP level 3. HP: 24/24 MP: 3/3
  1200 | D:2      | Reached ** piety under Trog
  1341 | D:2      | Reached skill level 4 in Fighting
  1468 | D:2      | Reached XP level 4. HP: 29/29 MP: 4/4
  2281 | D:3      | Reached XP level 5. HP: 11/34 MP: 5/5
  2597 | D:3      | Found a faded altar of an unknown god.
  2807 | D:3      | Reached *** piety under Trog
  3408 | D:4      | Reached skill level 5 in Fighting
  3408 | D:4      | Reached XP level 6. HP: 22/40 MP: 6/6
  3788 | D:4      | Found a shattered altar of Ashenzari.
  4395 | D:4      | Found a sparkling altar of Nemelex Xobeh.
  4564 | D:4      | Reached XP level 7. HP: 44/44 MP: 7/7
  4815 | D:5      | Entered Level 5 of the Dungeon
  4837 | D:5      | Slain by a gnoll

Skill      XL: |  1  2  3  4  5  6  7 |
---------------+----------------------+-----
Fighting       | 4 5 |  5.5
Dodging        | 2 3 |  3.0
Armour         | 3 4 |  4.5
Maces & Flails | 4 |  4.6

Action                   |  1- 3 |  4- 6 |  7- 9 || total
-------------------------+-------+-------+-------++-------
Melee: Mace              |   142 |   350 |    17 ||   509
Invok: Berserk           |       |     2 |     1 ||     3
  Eat: Chunk             |     2 |    10 |     1 ||    13
       Royal jelly       |       |     1 |       ||     1
Armor: Animal skin       |    20 |       |       ||    20
       Ring mail         |    59 |   170 |    11 ||   240
Dodge: Dodged            |   121 |   203 |    24 ||   348
